 Dungeon Crawl Stone Soup version 0.23-a0-636-g0ff6057 (webtiles) character file.

312 TheGoonsmith the Firebug (level 6, -2/32 HPs)
             Began as a Gargoyle Fire Elementalist on Dec 28, 2018.
             Slain by Duvessa
             ... wielding a +0 short sword
              (10 damage)
             ... on level 4 of the Dungeon.
             The game lasted 00:06:17 (3337 turns).

TheGoonsmith the Firebug (GrFE)                     Turns: 3337, Time: 00:06:18

Health: -2/32      AC: 10    Str: 16    XL:     6   Next: 42%
Magic:  0/11       EV: 11    Int: 18    God:
Gold:   116        SH:  4    Dex: 10    Spells: 4/12 levels left

rFire    . . .     SeeInvis .   l - +3 dagger (venom)
rCold    . . .     Gourm    .   p - +0 buckler
rNeg     + . .     Faith    .   a - +0 robe
rPois    ∞         Spirit   .   j - +2 hat
rElec    +         Reflect  .   o - +1 cloak
rCorr    .         Harm     .   (no gloves)
MR       .....     Rnd*Tele +   (no boots)
Stlth    ++........             (no amulet)
HPRegen  0.10/turn              k - ring of teleportation
MPRegen  0.12/turn              (no ring)

@: mighty, very slightly contaminated
A: negative energy resistance 1, electricity resistance, unbreathing,
petrification resistance, rot immunity, AC +4
a: no special abilities


You were on level 4 of the Dungeon.
You were not hungry.

You visited 2 branches of the dungeon, and saw 5 of its levels.

You collected 116 gold pieces.

Inventory:

Hand Weapons
 l - a +3 dagger of venom (weapon)
Armour
 a - a +0 robe (worn)
 j - a +2 hat (worn)
 o - a +1 cloak (worn)
 p - a +0 buckler (worn)
Jewellery
 k - a ring of teleportation (left hand)
Wands
 h - a wand of random effects (17)
Scrolls
 e - a scroll of magic mapping
 i - 3 scrolls of identify
 m - a scroll of remove curse
 n - a scroll of teleportation
Potions
 b - 2 potions of might
 d - 2 potions of lignification
 f - 2 potions of flight
 g - a potion of curing {unknown}
Comestibles
 c - 8 rations


   Skills:
 - Level 1.5 Dodging
 - Level 2.1 Stealth
 + Level 2.1 Shields
 + Level 3.6 Spellcasting
 + Level 3.7 Conjurations
 + Level 4.4 Fire Magic


You had 4 spell levels left.
You knew the following spells:

 Your Spells              Type           Power        Failure   Level  Hunger
a - Flame Tongue          Conj/Fire      ###..        3%          1    None
c - Conjure Flame         Conj/Fire      ###.....     11%         3    ###....
s - Sticky Flame          Conj/Fire      ###.....     34%         4    ####...

Your spell library contained the following spells:

 Spells                   Type           Power        Failure   Level  Hunger
 Throw Flame              Conj/Fire      ###...       5%          2    ##.....
 Inner Flame              Hex/Fire       ##......     24%         3    ###....
 Fireball                 Conj/Fire      ###.......   69%         5    ######.


Dungeon Overview and Level Annotations

Branches:
Dungeon (4/15)             Temple (1/1) D:4

Altars:
Ashenzari
Dithmenos
Elyvilon
Hepliaklqana
Okawaru
Qazlal
Ru
Uskayaw
Wu Jian
Xom
Yredelemnul

Annotations:
D:4 Duvessa


Innate Abilities, Weirdness & Mutations

You are resistant to torment.
Your stone body is resilient. (AC +4)
You are immune to poison.
You resist negative energy. (rN+)
You are resistant to electric shocks. (rElec)
You can survive without breathing.
You are immune to petrification.
You are immune to rotting.


Message History

Press: ? - help, Shift-Dir - straight line, f/p - Duvessa
Aim: Duvessa, wielding a +0 short sword, wearing a +0 leather armour of fire The flame tongue hits Duvessa.
Duvessa resists.
Duvessa is lightly wounded.
Duvessa closely misses you. Duvessa hits you with a +0 short sword.
Casting: Flame Tongue (safe; 3% risk of failure)
Confirm with . or Enter, or press ? or * to list all spells.
You don't have enough magic to cast that spell.
You hit Duvessa.
Duvessa is poisoned.
Duvessa is moderately wounded.
You block Duvessa's attack.
You hit Duvessa but do no damage.
Duvessa looks as sick as possible!
Duvessa is moderately wounded.
Duvessa hits you with a +0 short sword.
A quokka comes into view.
Duvessa hits you with a +0 short sword!
* * * LOW HITPOINT WARNING * * *
You feel very mighty all of a sudden. Duvessa hits you with a +0 short sword!
You die...

#.# ######.#
##......##.##.... ##.###
#......# ####.####.##<#..
##+### ###.##.# #...#
#.##.#.. #⌠.⌠######..#.#
#...# #.......
'.>.'.........# #...#
####.#.# #⌠.⌠####......##
#...# #.... ##'###
#.......#####...######....
##.###
#....##.........r....#....
#.#
#.##.....@e............#..
#.#
#.##.##..............###..
##.###
#......)#####...###### *..
.....# ####.#### #)..# *..
###### #.# #...# *,#
##########.# #...# *,,
##....<..##.##### #...#
***
...#####.##.#...#####.## *
#..#
#.##...........####### *


You could see Duvessa (berserk) and a quokka.

Vanquished Creatures
  A scorpion (D:4)
  Dowan (D:4)
  An orc priest (D:3)
  2 worker ants (D:4)
  4 gnolls (D:2)
  2 adders
  A shadow imp (D:2)
  An ooze (D:3)
  3 worms (D:2)
  2 dart slugs
  3 leopard geckos
  3 orcs (D:3)
  A ball python (D:1)
  A giant cockroach (D:3)
  2 goblins (D:1)
  10 hobgoblins
  3 bats
  4 frilled lizards
  8 kobolds
  11 rats
64 creatures vanquished.

Notes
Turn   | Place    | Note
-------+----------+-------------------------------------------
     0 | D:1      | TheGoonsmith the Gargoyle Fire Elementalist began the quest
                  | for the Orb.
     0 | D:1      | Reached XP level 1. HP: 10/10 MP: 3/3
   268 | D:1      | Reached XP level 2. HP: 15/15 MP: 1/5
   908 | D:2      | Reached XP level 3. HP: 19/19 MP: 4/6
  1416 | D:2      | Reached XP level 4. HP: 8/24 MP: 0/8
  1720 | D:2      | Found an ornate altar of the Wu Jian Council.
  1976 | D:3      | Reached skill level 4 in Fire Magic
  1976 | D:3      | Reached XP level 5. HP: 28/28 MP: 6/9
  1987 | D:3      | Found a shadowy altar of Dithmenos.
  2268 | D:3      | Reached skill level 1 in Shields
  2754 | D:4      | Found a staircase to the Ecumenical Temple.
  2759 | Temple   | Entered the Ecumenical Temple
  3063 | D:4      | Reached XP level 6. HP: 19/32 MP: 0/11
  3158 | D:4      | Learned a level 4 spell: Sticky Flame
  3162 | D:4      | Learned a level 3 spell: Conjure Flame
  3320 | D:4      | Noticed Dowan
  3323 | D:4      | Noticed Duvessa
  3332 | D:4      | Killed Dowan
  3337 | D:4      | Slain by Duvessa

Vault maps used:
D:1:      dpeg_arrival_erosion
D:2:      minmay_inner_zag, overflow_temple_1_default, first_ration
D:3:      grunt_dithmenos_smoke
D:4:      temple_doors_e, uniq_duvessa
Temple:   jpeg_temple_island

Skill      XL: |  1  2  3  4  5  6 |
---------------+-------------------+-----
Conjurations   | 2 3 |  3.7
Spellcasting   | 3 |  3.6
Fire Magic     | 4 |  4.4
Shields        | 1 2 |  2.1
Dodging        | |  1.5
Stealth        | |  2.1

Action                   |  1- 3 |  4- 6 || total
-------------------------+-------+-------++-------
Melee: Unarmed           |    17 |       ||    17
       Dagger            |    21 |    26 ||    47
 Cast: Flame Tongue      |    52 |    71 ||   123
  Use: Scroll            |       |    11 ||    11
       Potion            |       |     1 ||     1
  Eat: Chunk             |     2 |     3 ||     5
       Ration            |       |     1 ||     1
Armor: Robe              |    12 |    19 ||    31
Dodge: Dodged            |    33 |    32 ||    65
Block: Buckler           |       |     6 ||     6

Table legend:
 A = Non-vault XP
 B = Vault XP
 C = Vault XP percentage of total XP
 D = Non-vault monster count
 E = Vault monster count
 F = Vault count percentage of total count
                 A         B        C        D         E       F
            +---------+---------+-------+---------+---------+-------
      Total |     369 |      77 |  17.3 |      59 |       5 |   7.8
            +---------+---------+-------+---------+---------+-------
        D:1 |      27 |       0 |   0.0 |      17 |       0 |   0.0
        D:2 |     108 |      11 |   9.2 |      20 |       4 |  16.7
        D:3 |      94 |       0 |   0.0 |      19 |       0 |   0.0
        D:4 |     140 |      66 |  32.0 |       3 |       1 |  25.0
            +---------+---------+-------+---------+---------+-------
